MLB
HOUSTON ASTROS @ TEXAS RANGERS
10/09/2098
 
TOP OF THE 1ST
Houston Astros batting - Pitching for Texas Rangers : RHP Bernie Gallegos
Pitching: RHP Bernie Gallegos
Batting: RHB Erik Ellsworth 0-0: Called Strike
0-1: Swinging Strike
0-2: Ball
1-2: Strikes out swinging
Batting: LHB Zack Baize 0-0: Ball
1-0: Ball
2-0: Called Strike
2-1: Foul Ball, location: 9LSF
2-2: Strikes out looking
Batting: LHB Alex Perez 0-0: Called Strike
0-1: SOLO HOME RUN (Flyball, 7D, EV 99.4 MPH), Distance : 370 ft
Batting: RHB Jeff Cinnamon 0-0: Foul Ball, location: 25F
0-1: Foul Ball, location: 3F
0-2: Strikes out swinging
Top of the 1st over - 1 run, 1 hit, 0 errors, 0 left on base; Houston 1 - Texas 0
BOTTOM OF THE 1ST
Texas Rangers batting - Pitching for Houston Astros : RHP Manny Rice
Pitching: RHP Manny Rice
Batting: SHB Luis Chavez 0-0: Foul Ball, location: 3F
0-1: Bunt for hit to 15S - play at first, batter OUT! 1-3
Batting: RHB Ryan Adkins 0-0: Ball
1-0: Ball
2-0: Called Strike
2-1: Swinging Strike
2-2: Fly out, F9 (Flyball, 89S, EV 76.3 MPH)
Batting: LHB Simeone DeVito 0-0: Ball
1-0: DOUBLE (Flyball, 78XD, EV 104.4 MPH)
Batting: LHB Nick Gunnels 0-0: Swinging Strike
0-1: Called Strike
0-2: Ball
1-2: Foul Ball, location: 2F
1-2: SINGLE (Line Drive, 9S, EV 96.3 MPH)
Simeone DeVito to third
Runner from 3rd tries for Home, SAFE, throw by RF to home
Batting: LHB Charlie Gagne 0-0: Foul Ball, location: 9LMF
0-1: Ball
1-1: Ball
2-1: Called Strike
Nick Gunnels steals 2nd base
2-2: Ground out 4-3 (Groundball, 4, EV 104.4 MPH)
Bottom of the 1st over - 1 run, 2 hits, 0 errors, 1 left on base; Houston 1 - Texas 1
TOP OF THE 2ND
Houston Astros batting - Pitching for Texas Rangers : RHP Bernie Gallegos
Batting: RHB Kyle Stewart 0-0: Ball
1-0: SINGLE (Line Drive, 9S, EV 100.0 MPH)
Batting: RHB Frank Kelsay 0-0: Ball
1-0: Ball
Wild Pitch!
Kyle Stewart to second
2-0: Hit by Pitch
Batting: LHB Aaron Bruckerhoff 0-0: Swinging Strike
0-1: Ball
1-1: Called Strike
1-2: Ball
2-2: Fielders Choice at 2nd, 5-4 (Groundball, 5S, EV 79.4 MPH)
Kyle Stewart to third
Batting: LHB Roy Lazzaro 0-0: Ball
1-0: Ball
Aaron Bruckerhoff is caught stealing 2nd base 2-6
2-0: Ball
3-0: Base on Balls
Batting: RHB Manchu Hu 0-0: Foul Ball, location: 5F
0-1: Foul Ball, location: 7LDF
0-2: Strikes out swinging
Top of the 2nd over - 0 runs, 1 hit, 0 errors, 2 left on base; Houston 1 - Texas 1
BOTTOM OF THE 2ND
Texas Rangers batting - Pitching for Houston Astros : RHP Manny Rice
Batting: RHB Jason Hartel 0-0: Ball
1-0: Ball
2-0: Called Strike
2-1: Foul Ball, location: 2F
2-2: Ball
3-2: Base on Balls
Batting: RHB Travis Huffman 0-0: Ball
1-0: Fly out, F8 (Flyball, 78D, EV 105.6 MPH)
Batting: LHB Scott Spencer 0-0: Called Strike
Jason Hartel steals 2nd, throwing error, E2
Jason Hartel to third
0-1: Called Strike
0-2: Ball
1-2: Foul Ball, location: 3FF
1-2: DOUBLE (Line Drive, 9LM, EV 111.3 MPH)
Jason Hartel scores
Batting: RHB Chris Daly 0-0: Called Strike
0-1: Ball
1-1: Foul Ball, location: 9LDF
1-2: Ground out 6-3 (Groundball, 6, EV 101.9 MPH)
Batting: SHB Luis Chavez 0-0: Ball
1-0: SINGLE (Line Drive, 4MD, EV 98.1 MPH)
Scott Spencer to third
Batting: RHB Ryan Adkins 0-0: Called Strike
0-1: Ball
1-1: Ball
2-1: Swinging Strike
2-2: Foul Ball, location: 5F
2-2: SINGLE (Line Drive, 6M, EV 99.4 MPH)
Scott Spencer scores
Luis Chavez to second
Batting: LHB Simeone DeVito 0-0: Called Strike
0-1: Ball
1-1: Foul Ball, location: 2F
1-2: Ball
2-2: Foul Ball, location: 2F
2-2: Foul Ball, location: 23F
2-2: Foul Ball, location: 7LDF
2-2: Foul Ball, location: 2F
2-2: Ball
3-2: Base on Balls
Luis Chavez to third
Ryan Adkins to second
Batting: LHB Nick Gunnels 0-0: Ball
1-0: Called Strike
1-1: Ball
2-1: Ground out U3 (Groundball, 34, EV 106.9 MPH)
Bottom of the 2nd over - 2 runs, 3 hits, 1 error, 3 left on base; Houston 1 - Texas 3
TOP OF THE 3RD
Houston Astros batting - Pitching for Texas Rangers : RHP Bernie Gallegos
Batting: RHB Erik Ellsworth 0-0: SINGLE (Flyball, 56D, EV 97.5 MPH)
Batting: LHB Zack Baize 0-0: Called Strike
0-1: Ball
1-1: Fly out, F8 (Flyball, 78D, EV 110.0 MPH)
Batting: LHB Alex Perez 0-0: SINGLE (Line Drive, 89S, EV 95.6 MPH)
Erik Ellsworth to second
Batting: RHB Jeff Cinnamon 0-0: Ball
1-0: Ball
2-0: Foul Ball, location: 3FF
2-1: Foul Ball, location: 7LSF
2-2: DOUBLE (Line Drive, 78D, EV 98.8 MPH)
Erik Ellsworth scores
Alex Perez to third
Runner from 3rd tries for Home, SAFE, throw by CF to home
Batting: RHB Kyle Stewart 0-0: Called Strike
0-1: Foul Ball, location: 3SF
0-2: Ball
1-2: Ball
2-2: Fly out, F7 (Flyball, 78D, EV 90.6 MPH)
Batting: RHB Frank Kelsay 0-0: Called Strike
0-1: Foul Ball, location: 23F
0-2: Ball
1-2: Ball
2-2: Fly out, F7 (Flyball, 7LM, EV 79.4 MPH)
Top of the 3rd over - 2 runs, 3 hits, 0 errors, 1 left on base; Houston 3 - Texas 3
BOTTOM OF THE 3RD
Texas Rangers batting - Pitching for Houston Astros : RHP Manny Rice
Batting: LHB Charlie Gagne 0-0: SOLO HOME RUN (Flyball, 9LD, EV 92.5 MPH), Distance : 329 ft
Batting: RHB Jason Hartel 0-0: Ball
1-0: DOUBLE (Line Drive, 5D, EV 106.3 MPH)
Batting: RHB Travis Huffman 0-0: Ball
1-0: SINGLE (Groundball, 6MD, EV 98.8 MPH)
Jason Hartel to third
Runner from 3rd tries for Home, SAFE, throw by CF to home
Travis Huffman to second
Batting: LHB Scott Spencer 0-0: Ground out 3-1 (Groundball, 34, EV 103.1 MPH)
Travis Huffman to third
Batting: RHB Chris Daly 0-0: Foul Ball, location: 3F
0-1: Ball
1-1: Foul Ball, location: 2F
1-2: Foul Ball, location: 9LMF
1-2: 2-RUN HOME RUN (Flyball, 7D, EV 98.8 MPH), Distance : 395 ft
Pitching: RHP Larry DeWolfe
Batting: SHB Luis Chavez 0-0: Called Strike
0-1: Ball
1-1: Swinging Strike
1-2: Ball
2-2: Ball
3-2: Base on Balls
Batting: RHB Ryan Adkins 0-0: Foul Ball, location: 2RF
0-1: Foul Ball, location: 7LDF
0-2: Ball
1-2: Ground out 6-3 (Groundball, 6S, EV 71.3 MPH)
Luis Chavez to second
Batting: LHB Simeone DeVito 0-0: Ball
1-0: Swinging Strike
1-1: Swinging Strike
1-2: Ball
2-2: SINGLE (Line Drive, 7S, EV 103.8 MPH)
Luis Chavez to third
Runner from 3rd tries for Home, SAFE, throw by LF to home
Batting: LHB Nick Gunnels 0-0: Foul Ball, location: 2F
0-1: Foul Ball, location: 5F
0-2: Ball
1-2: Ball
2-2: Ball
3-2: Fly out, F9 (Flyball, 9, EV 86.3 MPH)
Bottom of the 3rd over - 5 runs, 5 hits, 0 errors, 1 left on base; Houston 3 - Texas 8
TOP OF THE 4TH
Houston Astros batting - Pitching for Texas Rangers : RHP Bernie Gallegos
Batting: LHB Aaron Bruckerhoff 0-0: Ball
1-0: Foul Ball, location: 2F
1-1: Foul Ball, location: 7LDF
1-2: Ball
2-2: Ball
3-2: Ground out 6-3 (Groundball, 6, EV 79.4 MPH)
Batting: LHB Roy Lazzaro 0-0: Ball
1-0: Called Strike
1-1: Swinging Strike
1-2: Reached on error, E9 (Line Drive, 9, EV 91.9 MPH)
Batting: RHB Manchu Hu 0-0: Ball
1-0: Ground out 6-3 (Groundball, 6M, EV 108.1 MPH)
Roy Lazzaro to third
Batting: RHB Erik Ellsworth 0-0: Ground out 6-3 (Groundball, 6, EV 98.1 MPH)
Top of the 4th over - 0 runs, 0 hits, 1 error, 1 left on base; Houston 3 - Texas 8
BOTTOM OF THE 4TH
Texas Rangers batting - Pitching for Houston Astros : RHP Larry DeWolfe
Batting: LHB Charlie Gagne 0-0: Called Strike
0-1: Ball
1-1: Swinging Strike
1-2: Strikes out swinging
Batting: RHB Jason Hartel 0-0: Swinging Strike
0-1: Fly out, F7 (Line Drive, 7S, EV 87.5 MPH)
Batting: RHB Travis Huffman 0-0: Fly out, F4 (Popup, 34, EV 56.9 MPH)
Bottom of the 4th over - 0 runs, 0 hits, 0 errors, 0 left on base; Houston 3 - Texas 8
TOP OF THE 5TH
Houston Astros batting - Pitching for Texas Rangers : RHP Bernie Gallegos
Batting: LHB Zack Baize 0-0: Called Strike
0-1: Swinging Strike
0-2: Ball
1-2: Foul Ball, location: 23FF
1-2: Ground out 6-3 (Groundball, 4M, EV 86.9 MPH)
Batting: LHB Alex Perez 0-0: Ball
1-0: Ball
2-0: Swinging Strike
2-1: Called Strike
2-2: Ball
3-2: Base on Balls
Batting: RHB Jeff Cinnamon 0-0: Called Strike
0-1: Fielders Choice at 2nd, 6-4 (Groundball, 6, EV 90.0 MPH)
Batting: RHB Kyle Stewart 0-0: Fly out, F9 (Flyball, 9LM, EV 94.4 MPH)
Top of the 5th over - 0 runs, 0 hits, 0 errors, 1 left on base; Houston 3 - Texas 8
BOTTOM OF THE 5TH
Texas Rangers batting - Pitching for Houston Astros : RHP Larry DeWolfe
Batting: LHB Scott Spencer 0-0: Ball
1-0: Ball
2-0: Called Strike
2-1: Fly out, F4 (Line Drive, 4, EV 70.0 MPH)
Batting: RHB Chris Daly 0-0: Foul Ball, location: 2F
0-1: Ball
1-1: Fly out, F2 (Popup, 23F, EV 83.1 MPH)
Batting: SHB Luis Chavez 0-0: Ball
1-0: Ball
2-0: Called Strike
2-1: SINGLE (Groundball, 34D, EV 101.9 MPH)
Pitching: RHP Larry Heinrich
Batting: RHB Ryan Adkins 0-0: Called Strike
Luis Chavez steals 2nd base (no throw)
0-1: Ball
1-1: Foul Ball, location: 2F
1-2: Ball
2-2: Foul Ball, location: 9LDF
2-2: Foul Ball, location: 5FF
2-2: SINGLE (Groundball, 6MS, EV 66.3 MPH) (infield hit)
Luis Chavez to third
Batting: LHB Simeone DeVito 0-0: SINGLE (Flyball, 6D, EV 98.8 MPH)
Luis Chavez scores
Ryan Adkins to second
Batting: LHB Nick Gunnels 0-0: Foul Ball, location: 7LMF
0-1: Ball
1-1: SINGLE (Groundball, 4D, EV 107.5 MPH)
Ryan Adkins to third
Simeone DeVito to second
Runner from 3rd tries for Home, SAFE, throw by CF to home
Batting: LHB Charlie Gagne 0-0: Called Strike
0-1: Ball
1-1: Called Strike
1-2: Ball
2-2: Strikes out swinging
Bottom of the 5th over - 2 runs, 4 hits, 0 errors, 2 left on base; Houston 3 - Texas 10
TOP OF THE 6TH
Houston Astros batting - Pitching for Texas Rangers : RHP Bernie Gallegos
Batting: RHB Frank Kelsay 0-0: Ball
1-0: Foul Ball, location: 2F
1-1: Called Strike
1-2: Ball
2-2: Strikes out swinging
Pitching: RHP Tim Morrow
Batting: LHB Aaron Bruckerhoff 0-0: Swinging Strike
0-1: Swinging Strike
0-2: Ball
1-2: Ball
2-2: Strikes out swinging
Batting: LHB Roy Lazzaro 0-0: Ball
1-0: Ball
2-0: Ball
3-0: Base on Balls
Batting: RHB Manchu Hu 0-0: Called Strike
0-1: Fly out, F9 (Line Drive, 9, EV 97.5 MPH)
Top of the 6th over - 0 runs, 0 hits, 0 errors, 1 left on base; Houston 3 - Texas 10
BOTTOM OF THE 6TH
Texas Rangers batting - Pitching for Houston Astros : RHP Larry Heinrich
Batting: RHB Jason Hartel 0-0: Ball
1-0: Ball
2-0: SINGLE (Line Drive, 4M, EV 103.8 MPH)
Batting: RHB Travis Huffman 0-0: Called Strike
0-1: Foul Ball, location: 2F
0-2: Ball
1-2: Ball
2-2: Grounds into double play, 4-6-3 (Groundball, 4, EV 85.0 MPH)
Batting: LHB Scott Spencer 0-0: Called Strike
0-1: Ball
1-1: Swinging Strike
1-2: Ball
2-2: Ball
3-2: Foul Ball, location: 9LDF
3-2: DOUBLE (Groundball, 3L, EV 105.0 MPH)
Batting: RHB Chris Daly 0-0: Ball
1-0: Called Strike
1-1: Swinging Strike
1-2: Foul Ball, location: 5F
1-2: Ball
2-2: Ball
Wild Pitch!
Scott Spencer to third
3-2: Base on Balls
Pitching: RHP Vince Geiger
Batting: SHB Luis Chavez 0-0: Swinging Strike
0-1: Ball
1-1: Swinging Strike
1-2: Strikes out swinging
Bottom of the 6th over - 0 runs, 2 hits, 0 errors, 2 left on base; Houston 3 - Texas 10
TOP OF THE 7TH
Houston Astros batting - Pitching for Texas Rangers : RHP Tim Morrow
Batting: RHB Erik Ellsworth 0-0: Called Strike
0-1: Swinging Strike
0-2: Strikes out swinging
Batting: LHB Zack Baize 0-0: Ball
1-0: Foul Ball, location: 2F
1-1: Ground out 5-3 (Groundball, 15, EV 83.1 MPH)
Batting: LHB Alex Perez 0-0: SINGLE (Line Drive, 56D, EV 98.1 MPH)
Batting: RHB Jeff Cinnamon 0-0: Ball
1-0: Ball
2-0: Fly out, F7 (Flyball, 7LS, EV 88.8 MPH)
Top of the 7th over - 0 runs, 1 hit, 0 errors, 1 left on base; Houston 3 - Texas 10
BOTTOM OF THE 7TH
Texas Rangers batting - Pitching for Houston Astros : RHP Vince Geiger
Batting: RHB Ryan Adkins 0-0: Called Strike
0-1: Fly out, F9 (Flyball, 9D, EV 106.9 MPH)
Batting: LHB Simeone DeVito 0-0: Swinging Strike
0-1: Foul Ball, location: 23F
0-2: Foul Ball, location: 2F
0-2: Fly out, F8 (Flyball, 8RD, EV 104.4 MPH)
Batting: LHB Nick Gunnels 0-0: Ball
1-0: Ball
2-0: Ball
3-0: Called Strike
3-1: Foul Ball, location: 7LMF
3-2: Fly out, F9 (Flyball, 89D, EV 100.0 MPH)
Bottom of the 7th over - 0 runs, 0 hits, 0 errors, 0 left on base; Houston 3 - Texas 10
TOP OF THE 8TH
Houston Astros batting - Pitching for Texas Rangers : RHP Tim Morrow
Batting: RHB Kyle Stewart 0-0: Ball
1-0: Swinging Strike
1-1: Swinging Strike
1-2: Strikes out swinging, 2-3 out at first.
Batting: RHB Frank Kelsay 0-0: Called Strike
0-1: Swinging Strike
0-2: Ball
1-2: Foul Ball, location: 2RF
1-2: SINGLE (Flyball, 34D, EV 90.6 MPH)
Batting: LHB Aaron Bruckerhoff 0-0: Ball
1-0: Foul Ball, location: 2F
1-1: Ball
2-1: SINGLE (Line Drive, 4MD, EV 95.0 MPH)
Frank Kelsay to second
Runner from 2nd tries for 3rd, SAFE, no throw by CF
Pinch Hitting: RHB Sterling Lentz 0-0: Called Strike
0-1: Foul Ball, location: 2F
0-2: Grounds into double play, 5-4-3 (Groundball, 56S, EV 88.8 MPH)
Top of the 8th over - 0 runs, 2 hits, 0 errors, 1 left on base; Houston 3 - Texas 10
BOTTOM OF THE 8TH
Texas Rangers batting - Pitching for Houston Astros : RHP Vince Geiger
Now in CF: Sterling Lentz
Batting: LHB Charlie Gagne 0-0: Ball
1-0: Swinging Strike
1-1: Swinging Strike
1-2: Ball
2-2: Foul Ball, location: 9LMF
2-2: Strikes out swinging
Batting: RHB Jason Hartel 0-0: Ball
1-0: Ball
2-0: Ball
3-0: Called Strike
3-1: Called Strike
3-2: Ground out 4-3 (Groundball, 4, EV 105.0 MPH)
Batting: RHB Travis Huffman 0-0: Ball
1-0: Called Strike
1-1: Ball
2-1: Swinging Strike
2-2: Foul Ball, location: 5FF
2-2: Foul Ball, location: 9LMF
2-2: Ball
3-2: Base on Balls
Batting: LHB Scott Spencer 0-0: Ball
1-0: Foul Ball, location: 2F
1-1: Called Strike
1-2: Fly out, F8 (Line Drive, 8RM, EV 90.0 MPH)
Bottom of the 8th over - 0 runs, 0 hits, 0 errors, 1 left on base; Houston 3 - Texas 10
TOP OF THE 9TH
Houston Astros batting - Pitching for Texas Rangers : RHP Tim Morrow
Pitching: RHP Aaron Aycock
Batting: RHB Manchu Hu 0-0: Foul Ball, location: 3F
0-1: Called Strike
0-2: Foul Ball, location: 25FF
0-2: Ball
1-2: Ball
2-2: Strikes out swinging
Batting: RHB Erik Ellsworth 0-0: Ball
1-0: Swinging Strike
1-1: Hit by Pitch
Batting: LHB Zack Baize 0-0: Fielders Choice at 2nd, 3-6 (Groundball, 34S, EV 91.3 MPH)
Batting: RHB Matt Carocci 0-0: Swinging Strike
0-1: Fielders Choice at 2nd, 6-4 (Groundball, 6, EV 100.0 MPH)
Top of the 9th over - 0 runs, 0 hits, 0 errors, 1 left on base; Houston 3 - Texas 10
Tuesday, April 16th , 2024 - OOTP Baseball 24.11 Build 85